 Dungeon Crawl Stone Soup version bcrawl-1.19.2-6-g6a88ae04c9 (webtiles) character file.

Game seed: 4119046683256574428

101 Mrkan the Skirmisher (level 4, -3/41 HPs)
             Began as a Hill Orc Fighter on Dec 26, 2019.
             Slain by a water moccasin (7 damage)
             ... on level 3 of the Dungeon.
             The game lasted 00:01:55 (1707 turns).

Mrkan the Skirmisher (Hill Orc Fighter)             Turns: 1707, Time: 00:01:56

Health: -3/41      AC:  7    Str: 24    XL:     4   Next: 75%
Magic:  4/4        EV:  7    Int:  8    God:
Gold:   67         SH:  9    Dex: 10    Spells: 3/3 levels left

rFire    . . .     SeeInvis .   a - +0 war axe
rCold    . . .     Gourm    .   c - +0 shield
rNeg     . . .     Faith    .   b - +0 scale mail
rPois    .         Spirit   .   (no helmet)
rElec    .         Reflect  .   (no cloak)
rCorr    .         Harm     .   (no gloves)
MR       .....                  (no boots)
Stlth    ..........             (no amulet)
HPRegen  0.13/turn              (no ring)
MPRegen  0.09/turn              (no ring)

@: mighty, lethally poisoned (-3 -> -13)
A: no striking features
a: no special abilities


You were on level 3 of the Dungeon.
You were hungry.

You visited 1 branch of the dungeon, and saw 3 of its levels.

You collected 67 gold pieces.

Inventory:

Hand Weapons
 a - a +0 war axe (weapon)
Armour
 b - a +0 scale mail (worn)
 c - a +0 shield (worn)
Jewellery
 g - an uncursed ring of insulation {unknown}
 l - an uncursed ring of protection from cold {unknown}
Scrolls
 h - 2 scrolls of amnesia {unknown}
 i - 2 scrolls of teleportation {unknown}
 j - 2 scrolls of remove curse {unknown}
 k - a scroll of magic mapping {unknown}
Potions
 d - a potion of might
 e - a potion of agility {unknown}
Comestibles
 f - 5 rations {!d}


   Skills:
 * Level 4.9 Fighting
   Level 4.9 Short Blades
   Level 4.9 Long Blades
   Level 4.9 Axes
   Level 4.9 Maces & Flails
   Level 4.9 Polearms
   Level 4.9 Staves
 + Level 4.0 Armour
 + Level 4.0 Shields
   Level 4.9 Unarmed Combat


You had 3 spell levels left.
You didn't know any spells.
Your spell library was empty.

Dungeon Overview and Level Annotations

Branches:
Dungeon (3/12)

Altars:


Message History

You block the water moccasin's attack. The water moccasin bites you.
You miss the water moccasin.
You feel sick.
You block the water moccasin's attack. x2
You feel very mighty all of a sudden.
* * * LOW HITPOINT WARNING * * *
You feel sick. You block the water moccasin's attack.
You closely miss the water moccasin.
* * * LOW HITPOINT WARNING * * *
You feel sick. The water moccasin bites you.
* * * LOW HITPOINT WARNING * * *
The water moccasin barely misses you.
You barely miss the water moccasin.
* * * LOW HITPOINT WARNING * * *
You feel sick.
The water moccasin bites you but does no damage.
You block the water moccasin's attack.
You closely miss the water moccasin.
* * * LOW HITPOINT WARNING * * *
You feel sick. The water moccasin bites you!
You die...

.. .# ### .####
..# ..... #.#
##..... #.#
#.<....
#.###.##
#......
#.S....#
#...... #@#
#..#### #.#
####..# #.#
##.(...# ##.##
##..##.##
#...####......#
#.#........####
#...####...#
##.#####...###
#.###.......#


You could see a water moccasin.

Vanquished Creatures
  A crimson imp (D:2)
  2 adders (D:2)
  2 worms
  3 dart slugs
  2 leopard geckos (D:2)
  4 giant cockroaches
  5 goblins
  4 hobgoblins
  3 jackals (D:2)
  A quokka (D:1)
  3 bats
  2 frilled lizards
  3 kobolds
  3 rats
38 creatures vanquished.

Notes
Turn   | Place    | Note
-------+----------+-------------------------------------------
     0 | D:1      | Mrkan the Hill Orc Fighter began the quest for the Orb.
     0 | D:1      | Reached XP level 1. HP: 20/20 MP: 1/1
   219 | D:1      | Reached XP level 2. HP: 27/27 MP: 2/2
   813 | D:2      | Noticed a crimson imp
   843 | D:2      | Killed a crimson imp
   843 | D:2      | Reached XP level 3. HP: 22/34 MP: 3/3
   939 | D:2      | Reached XP level 4. HP: 34/41 MP: 4/4
  1697 | D:3      | Noticed a water moccasin
  1707 | D:3      | Slain by a water moccasin

Skill      XL: |  1  2  3  4 |
---------------+-------------+-----
Armour         | 4 |  4.0
Shields        | 4 |  4.0
Fighting       | |  4.9
Short Blades   | |  4.9
Long Blades    | |  4.9
Axes           | |  4.9
Maces & Flails | |  4.9
Polearms       | |  4.9
Staves         | |  4.9
Unarmed Combat | |  4.9

Action                   |  1- 3 |  4- 6 || total
-------------------------+-------+-------++-------
Melee: War axe           |    64 |    93 ||   157
  Use: Potion            |       |     1 ||     1
  Eat: Chunk             |       |     2 ||     2
Armor: Scale mail        |    21 |    29 ||    50
Dodge: Dodged            |    14 |    21 ||    35
Block: Shield            |    28 |    58 ||    86
